 Dungeon Crawl Stone Soup version 0.31-a0-851-g7ff8af7976 (webtiles) character file.

Game seed: 16441412176260321093

322 Kurtz the Chopper (level 6, 0/47 HPs)
             Began as a Mummy Delver on Oct 6, 2023.
             Was a Follower of Okawaru.
             Killed by divine providence
             ... invoked by an orc priest
              (8 damage)
             ... on level 5 of the Dungeon.
             The game lasted 00:07:20 (4713 turns).

Kurtz the Chopper (Mummy Delver)                    Turns: 4713, Time: 00:07:20

Health: 0/47       AC: 15    Str: 21    XL:     6   Next: 22%
Magic:  15/15      EV:  8    Int:  9    God:    Okawaru [*.....]
Gold:   52         SH:  0    Dex: 10    Spells: 5/5 levels left

rFire   . . .        a - +0 hand axe
rCold   + + .        (no shield)
rNeg    + + +        l - +0 chain mail
rPois   ∞            q - +1 helmet of the Twelve Visionaries {rElec rF+ Str+5 Dex-5}
rElec   +            p - +2 cloak
rCorr   .            m - +0 pair of gloves
SInv    .            g - +0 pair of boots
Will    .....        (no amulet) Stlth
                     s - ring of protection from cold
HPRegen 0.27/turn    b - ring of magical power
MPRegen 0.14/turn

%: faith
@: no status effects
A: cold resistance 1, negative energy resistance 3, torment resistance 2, heat
vulnerability 1, in touch with death 1, no potions, faith
a: Renounce Religion, Heroism


You were on level 5 of the Dungeon.
You worshipped Okawaru.
Okawaru was aware of your devotion.
You visited 1 branch of the dungeon, and saw 5 of its levels.

You collected 270 gold pieces.
You spent 218 gold pieces at shops.

Inventory:

Hand Weapons
 a - a +0 hand axe (weapon)
Missiles
 k - 16 poisoned darts (quivered)
Armour
 g - a +0 pair of boots (worn)
 l - a +0 chain mail (worn)
 m - a +0 pair of gloves (worn)
 p - a +2 cloak (worn)
 q - the +1 helmet of the Twelve Visionaries (worn) {rElec rF+ Str+5 Dex-5}
   (You bought it in a shop on level 5 of the Dungeon)

   Str+5:     It affects your strength (+5).
   Dex-5:     It affects your dexterity (-5).
   rF+:       It protects you from fire.
   rElec:     It insulates you from electricity.
Jewellery
 b - a ring of magical power (right hand)
 n - a ring of wizardry
 s - a ring of protection from cold (left hand)
Wands
 f - a wand of digging (3)
Scrolls
 c - 3 scrolls of fog
 d - a scroll of revelation
 e - 5 scrolls of fear
 h - 3 scrolls of teleportation {unknown}
 i - 2 scrolls of enchant armour {unknown}
 j - 2 scrolls of identify {unknown}
 o - a scroll of blinking {unknown}
 r - a scroll of enchant weapon {unknown}


   Skills:
 - Level 3.4 Fighting
 * Level 4.9 Axes
 - Level 2.0 Dodging
 - Level 4.1 Stealth
 * Level 1.2 Invocations


You had 5 spell levels left.
You didn't know any spells.
Your spell library contained the following spells:

 Spells                   Type           Power      Damage    Failure   Level
 Ensorcelled Hibernation  Hex/Ice        0%         N/A       99%         2
 Passwall                 Tmut/Erth      0%         N/A       99%         2
 Frozen Ramparts          Ice            0%         1d1       100%        3
 Swiftness                Air            0%         N/A       100%        3
 Petrify                  Tmut/Erth      0%         N/A       100%        4
 Metabolic Englaciation   Hex/Ice        0%         N/A       100%        5


Dungeon Overview and Level Annotations

Branches:
Dungeon (5/15)
 Temple: D:4-7

Altars:
Ashenzari
Gozag
Okawaru
Ru
Wu Jian
Xom

Shops:
D:2 (   D:3 ![*   D:5 =*[

Annotations:
D:4 exclusion: downstairs


Innate Abilities, Weirdness & Mutations

You are immune to poison.
Your flesh is cold resistant. (rC+)
You are immune to negative energy. (rN+++)
You are immune to unholy pain and torment.
You are vulnerable to heat. (rF-)
You are in touch with the powers of death.
You do not drink.
You have a special connection with the divine. (Faith)


Message History

You closely miss the orc priest.
The orc priest is severely wounded.
The orc priest hits you with a +0 morningstar.
You barely miss the orc priest. Your punch misses the orc priest.
The orc priest is severely wounded.
The orc priest closely misses you.
You hit the orc priest but do no damage.
The orc priest is severely wounded.
The orc priest barely misses you.
You closely miss the orc priest.
The orc priest is severely wounded.
The orc priest hits you but does no damage.
You barely miss the orc priest.
The orc priest is severely wounded.
The orc priest barely misses you.
The orc priest hits you with a +0 morningstar!
You barely miss the orc priest.
The orc priest is severely wounded.
The orc priest hits you with a +0 morningstar.
You hit the orc priest.
The orc priest is almost dead.
The orc priest hits you with a +0 morningstar!
* * * LOW HITPOINT WARNING * * *
You closely miss the orc priest.
The orc priest is almost dead.
The orc priest hits you but does no damage.
You barely miss the orc priest.
The orc priest is almost dead.
The orc priest barely misses you.
You hit the orc priest but do no damage.
The orc priest is almost dead.
The orc priest misses you.
You closely miss the orc priest.
The orc priest is almost dead.
The orc priest hits you but does no damage.
You barely miss the orc priest.
The orc priest is almost dead.
The orc priest invokes the aid of Beogh against you.
Beogh smites you!
You die...

#####.# ######.####
#.......... ########
##.####...#.
##......########.######..##
##..~.~P.........## #.♣....♣
#...~~~...#######.##♣.......
#.PP~PP.#.########.#♣§§⌠..⌠.
#.PP~PPP#.o@.......#§♣§.....
#..~♣PP.#############♣♣....♣
#PP~~~P.# ##########..##
#.~~P.#.# #.....†.......
PP~♣P~#.# #.###########.
PP♣Po##.# ####.####### ##..
♣♣~o~ ...# #.>........###...
#.##.##.####........
#.......# #.####...


You could see an orc priest.

Vanquished Creatures
  Blork the orc (D:4)
  A scorpion (D:5)
  A jelly (D:4)
  A hound (D:5)
  7 adders
  A worm (D:4)
  2 dart slugs (D:3)
  An orc (D:3)
  6 endoplasms
  3 giant cockroaches
  6 hobgoblins
  5 quokkas
  5 ball pythons
  8 bats
  5 frilled lizards
  5 goblins
  8 kobolds
  5 rats
71 creatures vanquished.

Notes
Turn   | Place    | Note
-------+----------+-------------------------------------------
     0 | D:5      | Kurtz the Mummy Delver began the quest for the Orb.
     0 | D:5      | Reached XP level 1. HP: 18/18 MP: 1/1
     1 | D:5      | Found Ogut's Antique Armour Shop.
    10 | D:4      | Reached XP level 2. HP: 21/24 MP: 2/2
   498 | D:3      | Found Unuymp's Antique Armour Shoppe.
   586 | D:3      | Found Jauxoafi's General Store.
   668 | D:3      | Reached XP level 3. HP: 26/29 MP: 3/3
   755 | D:3      | Found Joiroag's Distillery.
  1220 | D:1      | Found a faded altar of an unknown god.
  2092 | D:1      | Reached XP level 4. HP: 35/35 MP: 4/4
  2400 | D:2      | Found Ywkeu's Antique Weapon Boutique.
  2876 | D:3      | Found a sacrificial altar of Ru.
  2882 | D:3      | Found an ornate altar of the Wu Jian Council.
  2885 | D:3      | Found an iron altar of Okawaru.
  2885 | D:3      | Found a shimmering altar of Xom.
  2905 | D:3      | Became a worshipper of Warmaster Okawaru
  2982 | D:3      | Found an opulent altar of Gozag.
  3419 | D:4      | HP: 1/35 [worm (7)]
  3632 | D:4      | Reached XP level 5. HP: 33/41 MP: 5/5
  3673 | D:4      | Noticed Blork the orc
  3687 | D:4      | Killed Blork the orc
  3687 | D:4      | Reached * piety under Okawaru
  4180 | D:5      | Bought a distressingly furry helmet for 218 gold pieces
  4180 | D:5      | Identified the +1 helmet of the Twelve Visionaries {rElec
                  | rF+ Str+5 Dex-5} (You bought it in a shop on level 5 of the
                  | Dungeon)
  4208 | D:5      | Found a broken altar of Ashenzari.
  4226 | D:5      | Noticed an ice beast
  4271 | D:4      | Reached skill level 1 in Invocations
  4447 | D:5      | Found Demiseg's Jewellery Emporium.
  4497 | D:5      | Found Sesioq's Fire Supplies.
  4527 | D:5      | Reached XP level 6. HP: 42/47 MP: 6/6
  4713 | D:5      | Killed from afar by an orc priest

Illustrated notes

Levels and vault maps discovered:
D:1:      reono_arrival_mine, layout_basic, hellmonk_ecumenical_altar_run_dry,
          st_stairs_10
D:2:      layout_rooms, serial_corexii_hall, corexii_hall_statues_u,
          corexii_hall_statues_i, serial_shops,
          nicolae_shop_pleasant_corner_grove
D:3:      layout_rooms, lemuel_tele_altar, minitemple, serial_shops,
          nicolae_shop_industrial_runoff, shop, nicolae_shop_dealshenge,
          roderic_serpentine_path
D:4:      layout_basic, serial_bayou_lagoon_b, uniq_blork_the_orc
D:5:      layout_loops_ring, ashenzari_altar_1, mainiacjoe_overflow_catwalk,
          serial_shops, shop, shop, nicolae_shop_real_fake_doors,
          nicolae_shop_dealshenge, nicolae_shop_pleasant_corner_grove,
          serial_bayou, serial_bayou_shore_b, serial_bayou_lagoon_a,
          serial_bayou_pond_a, serial_bayou_crossing, serial_bayou_pond_a,
          nicolae_shop_fire_sale [nicolae_sub_dead_trees]

Skill      XL: |  1  2  3  4  5 |
---------------+----------------+-----
Axes           | 2 3 4 |  4.9
Invocations    | 1 |  1.2
Dodging        | 2 |  2.0
Fighting       | |  3.4
Stealth        | |  4.1

Action                     |  1- 3 |  4- 6 || total
---------------------------+-------+-------++-------
  Melee: Hand axe          |   152 |   252 ||   404
         Punch             |     5 |     6 ||    11
  Throw: Dart              |       |     4 ||     4
   Stab: Sleeping          |     1 |       ||     1
 Armour: Leather armour    |    27 |       ||    27
         Chain mail        |    79 |   223 ||   302
  Dodge: Dodged            |    74 |    98 ||   172

Table legend: (Time is in decaauts)
 A = Elapsed time spent in this place.
 B = Non-inter-level travel time spent in this place.
 C = Inter-level travel time spent in this place.
 D = Time resting spent in this place.
 E = Time spent auto-exploring this place.
 F = Levels seen in this place.
 G = Mean time per level.
                   A        B        C        D        E       F      G
               +--------+--------+--------+--------+--------+-----+--------+
         Total |   4783 |   4454 |    329 |    723 |   2453 |   5 |  956.6 |
       Dungeon |   4783 |   4454 |    329 |    723 |   2453 |   5 |  956.6 |
               +--------+--------+--------+--------+--------+-----+--------+

Top non-repeatable levels by time:
     D:4: 1581 daAuts
     D:3: 1200 daAuts
     D:1: 970 daAuts
     D:2: 674 daAuts
     D:5: 355 daAuts
